[Event "Titled Tuesday Blitz December 20 Early 2022"]
[White "Vsevolod_Ovchinnikov"]
[Black "Aishath, Aika"]
[BlackFideId "16702026"]
[WhiteElo "2557"]
[BlackElo "2770"]
[Result "0-1"]
[Round "05"]
[TimeControl "180+2"]
[Date "2022.12.20"]
[WhiteClock "0:00:06"]
[BlackClock "0:00:05"]

1. d4 d5 2. c4 c6 3. Nf3 Nf6 4. g3 dxc4 5. Bg2 e6 6. a4 Bb4+ 7. Bd2 a5 8. O-O O-O 9. Qc2 Bxd2 10. Nbxd2 b5 11. e3 Nd5 12. Ne5 f6 13. Nef3 Na6 14. Ne4 Nab4 15. Qb1 Nd3 16. Ne1 Nxe1 17. Rxe1 e5 18. dxe5 fxe5 19. axb5 cxb5 20. Rd1 Kh8 21. Nc3 Bf5 22. Qc1 Nxc3 23. Qxc3 Qc7 24. Bxa8 Rxa8 25. Rd5 Bh3 26. Qxe5 Qf7 27. Qe4 Rf8 28. f4 Re8 29. Qd4 h6 30. e4 Qb7 31. Re1 a4 32. Rd6 Kh7 33. Qb6 Qxb6+ 34. Rxb6 Bd7 35. Kf2 Re7 36. Ke3 Be8 37. e5 Rd7 38. Re2 Rd3+ 39. Kf2 a3 40. bxa3 Rxa3 41. f5 Rd3 42. g4 c3 43. Rb7 Bc6 44. Rc7 Rf3+ 45. Ke1 Be8 46. Rf2 Re3+ 47. Re2 Rf3 48. f6 b4 49. Rxg7+ Kh8 50. Rc7 b3 51. Rc8 b2 52. Rxe8+ Kh7 53. Rb8 Re3 54. Kf2 Rxe2+ 55. Kxe2 c2 56. f7 c1=Q 57. f8=Q Qc2+ 58. Ke3 Qc3+ 59. Ke4 Qc4+ 60. Kf5 Qf1+ 61. Ke6 Qxf8 62. Rxf8 b1=Q 63. Rf7+ Kg6 64. Rf6+ Kg5 65. h3 Qb3+ 66. Ke7 Qxh3 67. Kf7 Kxg4 68. e6 Qb3 69. Rxh6 Kf5 70. Rf6+ Kg5 71. Rg6+ Kf5 72. Rf6+ Ke5 73. Rg6 Kd6 74. Kf8 Qb8+ 75. Kf7 Qb3 76. Rf6 Qc4 77. Kf8 Ke5 78. e7 Kxf6 79. e8=Q Qb4+ 80. Kg8 Qg4+ 81. Kh7 Qg7# 0-1


[Site "https://www.chess.com"]

[Event "Titled Tuesday Blitz December 20 Early 2022"]
[White "WiktoriaPOL"]
[Black "Shockerlover"]
[WhiteElo "2241"]
[BlackElo "1948"]
[Result "1-0"]
[Round "05"]
[TimeControl "180+2"]
[Date "2022.12.20"]
[WhiteClock "0:00:12"]
[BlackClock "0:00:13"]

1. c4 c5 2. Nf3 Nc6 3. Nc3 e6 4. d4 cxd4 5. Nxd4 d5 6. cxd5 exd5 7. g3 Nf6 8. Bg2 Be7 9. Bg5 Be6 10. O-O O-O 11. Rc1 h6 12. Bf4 Bg4 13. h3 Bh5 14. Qd2 Bc5 15. Nb3 Bb6 16. Nxd5 Nxd5 17. Bxd5 Ne7 18. Bxb7 Qxd2 19. Nxd2 Bxe2 20. Rfe1 Ng6 21. Bxa8 Nxf4 22. gxf4 Rxa8 23. Rxe2 Rd8 24. Nc4 Bc5 25. Ne5 Rd4 26. Rxc5 Rxf4 27. Rc8+ Kh7 28. Rf8 f6 29. Ng4 h5 30. Nh2 Rc4 31. Ree8 Rc1+ 32. Kg2 Rc2 33. Rb8 Kg6 34. Nf3 Rc4 35. Rb7 Ra4 36. a3 Kf5 37. Rxg7 1-0


[Site "https://www.chess.com"]

[Event "Titled Tuesday Blitz December 20 Early 2022"]
[White "Willychess95"]
[Black "Sam_ChessMood"]
[WhiteElo "2661"]
[BlackElo "2882"]
[Result "0-1"]
[Round "05"]
[TimeControl "180+2"]
[Date "2022.12.20"]
[WhiteClock "0:00:25"]
[BlackClock "0:00:12"]

1. e4 c6 2. d4 d5 3. exd5 cxd5 4. Bd3 Nf6 5. c3 Bg4 6. Nf3 Nc6 7. Nbd2 e6 8. h3 Bh5 9. O-O Bd6 10. Re1 Bg6 11. Nf1 Bxd3 12. Qxd3 Ne4 13. N3d2 Nf6 14. Nf3 h6 15. Ne5 Bxe5 16. dxe5 Ne4 17. Bf4 O-O 18. Nd2 f5 19. exf6 Qxf6 20. Bg3 Nxg3 21. Qxg3 e5 22. Rad1 Rad8 23. Nf3 e4 24. Nd4 Ne5 25. f3 Nd3 26. Re2 Nf4 27. Re3 Rde8 28. fxe4 dxe4 29. Rf1 Ne2+ 30. Rxe2 Qxf1+ 31. Kh2 Qf4 32. Qxf4 Rxf4 33. Kg3 Rf6 34. Re3 a6 35. h4 Kf7 36. a4 h5 37. a5 Re5 38. b4 Re7 39. Nb3 Rf5 40. Nc5 g5 41. hxg5 Rxg5+ 42. Kh3 Rg4 43. g3 Kg6 44. Nb3 Kg5 45. Nd4 h4 46. gxh4+ Rxh4+ 47. Kg3 Rg4+ 48. Kf2 Rf7+ 49. Ke1 Rg1+ 50. Kd2 Rf2+ 51. Re2 Rxe2+ 52. Nxe2 Ra1 53. Ke3 Kf5 54. Kd4 Rd1+ 55. Ke3 Rd3+ 56. Kf2 Ke5 57. Ke1 e3 58. c4 Rb3 59. Kd1 Rxb4 60. Kc2 Rxc4+ 61. Kd3 Ra4 62. Kxe3 Rxa5 63. Kd3 Rc5 64. Nc3 Rxc3+ 65. Kxc3 Kd5 66. Kb4 Kc6 67. Ka5 Kc5 68. Ka4 b6 0-1


[Site "https://www.chess.com"]

[Event "Titled Tuesday Blitz December 20 Early 2022"]
[White "WizardSA"]
[Black "Haimov, Elchanan"]
[BlackFideId "2835916"]
[WhiteElo "2098"]
[BlackElo "1707"]
[Result "0-1"]
[Round "05"]
[TimeControl "180+2"]
[Date "2022.12.20"]
[WhiteClock "0:00:01"]
[BlackClock "0:01:17"]

1. e4 c6 2. d4 d5 3. exd5 cxd5 4. Bd3 Nc6 5. c3 Qc7 6. Nf3 Bg4 7. h3 Bh5 8. Bg5 e6 9. Nbd2 Bd6 10. Qb3 Nge7 11. O-O a6 12. a4 O-O 13. Rfe1 f6 14. Bh4 Bf7 15. Qc2 Ng6 16. Nf1 e5 17. dxe5 fxe5 18. Ng5 Nxh4 19. Bxh7+ Kh8 20. g3 Be7 21. gxh4 Bxg5 22. hxg5 e4 23. Bxe4 dxe4 24. Rxe4 Bh5 25. Rh4 Qf7 26. Ng3 g6 27. Nxh5 gxh5 28. Re1 Rae8 29. Rxe8 Rxe8 30. g6 Re1+ 31. Kh2 Qd5 32. g7+ Kg8 33. f3 Qe5+ 34. f4 Re2+ 35. Kg3 Qe3# 0-1


[Site "https://www.chess.com"]

[Event "Titled Tuesday Blitz December 20 Early 2022"]
[White "Yildiz, Ayse Emek"]
[Black "szachuspl"]
[WhiteFideId "6303528"]
[WhiteElo "1702"]
[BlackElo "2642"]
[Result "1-0"]
[Round "05"]
[TimeControl "180+2"]
[Date "2022.12.20"]
[WhiteClock "0:00:06"]
[BlackClock "0:00:08"]

1. e4 g6 2. d4 Bg7 3. Nc3 d6 4. f4 a6 5. Nf3 b5 6. Bd3 Nd7 7. a4 b4 8. Ne2 c5 9. c3 Ngf6 10. O-O O-O 11. Ng3 a5 12. Qe2 Bb7 13. Bd2 cxd4 14. cxd4 Nb6 15. b3 Rc8 16. f5 Qc7 17. h4 e5 18. d5 Nbd7 19. fxg6 hxg6 20. Ng5 Nc5 21. Bc4 Qd7 22. h5 Qg4 23. h6 Qxe2 24. Bxe2 Bh8 25. Rf3 Nh7 26. Raf1 f6 27. Nh3 Rf7 28. Bc4 Nxa4 29. Ra1 Nb2 30. Bf1 Rc2 31. Be1 Rf8 32. Rxa5 Ra8 33. Rxa8+ Bxa8 34. Rf2 Rxf2 35. Nxf2 Bb7 36. Bd2 Bc8 37. Bc1 f5 38. Bxb2 f4 39. Ne2 g5 40. Nc1 Nf6 41. Ncd3 g4 42. Nxb4 g3 43. Nfd3 Nxe4 44. Nc6 Bg4 45. b4 Bf6 46. b5 Bc8 47. Be2 Bb7 48. Bf3 Nd2 49. Bc3 Nc4 50. Bg4 Kh7 51. Bf5+ Kxh6 52. Be6 Kg5 53. Kf1 e4 54. Bxf6+ Kxf6 55. Nxf4 Kg5 56. Ne2 Ne3+ 57. Kg1 Nc4 58. Nxg3 Kf4 59. Ne2+ Ke3 60. Ned4 Kd3 61. Nf5 e3 62. Nxe3 Kxe3 63. g4 Kf4 64. Kf2 Na3 65. b6 Nc4 66. Nd8 Nxb6 67. Nxb7 Nc4 68. Ke2 Ke4 69. g5 Ke5 70. Kd3 Nb2+ 71. Ke3 Nc4+ 72. Kf3 Nb6 73. Kg4 Nc4 74. Kh5 Ne3 75. Kh6 Ng4+ 76. Bxg4 Kxd5 77. g6 Kc6 78. g7 Kxb7 79. g8=Q 1-0


[Site "https://www.chess.com"]

[Event "Titled Tuesday Blitz December 20 Early 2022"]
[White "Zahid, Sanatan"]
[Black "Pranav, V"]
[WhiteFideId "10201963"]
[BlackFideId "25060783"]
[WhiteElo "1930"]
[BlackElo "2597"]
[Result "0-1"]
[Round "05"]
[TimeControl "180+2"]
[Date "2022.12.20"]
[WhiteClock "0:00:26"]
[BlackClock "0:00:16"]

1. d4 Nf6 2. Nc3 d5 3. Bf4 c5 4. e4 Nxe4 5. Nxe4 dxe4 6. dxc5 Qa5+ 7. c3 Qxc5 8. Qa4+ Nc6 9. Qxe4 g6 10. Nf3 Bg7 11. Qe3 Qa5 12. Bc4 O-O 13. O-O Bg4 14. Rad1 e5 15. Bg3 Rae8 16. h3 Bh5 17. Rd5 Qc7 18. Bb3 Qc8 19. Ng5 Bh6 20. h4 Bxg5 21. hxg5 Bg4 22. Ba4 Re7 23. Rd6 Be6 24. Rfd1 Ree8 25. Bxc6 bxc6 26. Bxe5 Bxa2 27. f4 Bd5 28. Qg3 Qf5 29. Rf6 Qc2 30. Rf1 Qxb2 31. Rf2 Qc1+ 32. Kh2 a5 33. Qh4 a4 34. Qh6 Rxe5 35. fxe5 Re8 36. e6 Bxe6 37. Re2 Qxc3 38. Rf3 Qc5 39. Rh3 Qd6+ 40. g3 a3 41. Qxh7+ Kf8 42. Qh8+ Ke7 43. Qf6+ Kd7 44. Rh4 Kc7 45. Qc3 Bd7 46. Qa5+ Kc8 47. Qa8+ Qb8 48. Qxb8+ Kxb8 49. Rxe8+ Bxe8 50. Ra4 Bd7 51. Rxa3 Be6 52. Kg2 Kc7 53. Kf3 Kd6 54. Kf4 Kc5 55. Ke5 Kb4 56. Ra7 c5 57. Rb7+ Kc3 58. Rc7 c4 59. Ke4 Bf5+ 60. Kd5 Be6+ 61. Ke4 Kd2 62. g4 c3 63. Rc6 c2 64. Rd6+ Kc3 65. Rd3+ Kb2 66. Rd2 Kb1 67. Rxc2 Kxc2 68. Kf4 Kd3 69. Kg3 Ke4 70. Kh4 Kf4 71. Kh3 Kxg5 72. Kg3 Bxg4 73. Kg2 Kf4 74. Kh2 Kf3 75. Kg1 Kg3 76. Kh1 f5 77. Kg1 f4 78. Kh1 f3 79. Kg1 f2+ 80. Kf1 Bh3+ 81. Ke2 f1=Q+ 82. Ke3 Qf4+ 83. Kd3 g5 84. Ke2 g4 85. Kd3 Kh2 86. Kc2 Qe3 87. Kb2 Qd3 88. Kc1 Qe2 89. Kb1 Qd2 90. Ka1 Kg3 91. Kb1 Kf4 92. Ka1 Ke5 93. Kb1 Kd5 94. Ka1 Kc4 95. Kb1 Kb3 96. Ka1 Qd1# 0-1


[Site "https://www.chess.com"]

[Event "Titled Tuesday Blitz December 20 Early 2022"]
[White "Zampronha, Wladimir Camilo"]
[Black "Jensen, Morten Kingo"]
[WhiteFideId "2103087"]
[BlackFideId "1435108"]
[WhiteElo "2176"]
[BlackElo "1867"]
[Result "0-1"]
[Round "05"]
[TimeControl "180+2"]
[Date "2022.12.20"]
[WhiteClock "0:00:50"]
[BlackClock "0:01:49"]

1. e4 c5 2. Nf3 e6 3. d4 cxd4 4. Nxd4 Qb6 5. Nb3 Nc6 6. Nc3 a6 7. Be2 Nf6 8. O-O Bb4 9. Be3 Qc7 10. Bf3 Ne5 11. Bd4 d6 12. a3 Bc5 13. Bxe5 dxe5 14. Nxc5 Qxc5 15. Qd3 Bd7 16. Rfd1 O-O 17. Qd6 Rfc8 18. Qxc5 Rxc5 19. Rd6 Kf8 20. Rad1 Ke7 21. R1d2 Rac8 22. Kf1 Rxc3 23. bxc3 Rxc3 24. R6d3 Bb5 25. Ke1 Bxd3 26. Rxd3 Rxc2 27. Rb3 b5 28. a4 bxa4 29. Rb6 a3 30. Rxa6 a2 31. Bd1 Rb2 32. Ra7+ Kd6 0-1


[Site "https://www.chess.com"]

[Event "Titled Tuesday Blitz December 20 Early 2022"]
[White "Zhigalko_Sergei"]
[Black "Artem_0degov"]
[WhiteElo "2876"]
[BlackElo "2661"]
[Result "1-0"]
[Round "05"]
[TimeControl "180+2"]
[Date "2022.12.20"]
[WhiteClock "0:00:21"]
[BlackClock "0:00:02"]

1. e4 e6 2. d4 d5 3. e5 c5 4. c3 Qb6 5. Nf3 Nc6 6. Bd3 cxd4 7. O-O Bd7 8. Re1 Rc8 9. h4 Nge7 10. h5 Nf5 11. Bxf5 exf5 12. cxd4 Be6 13. Nc3 Bb4 14. h6 g6 15. a3 Be7 16. Na4 Qb5 17. Bg5 Bxg5 18. Nxg5 b6 19. Nc3 Qc4 20. Ne2 Nd8 21. Rc1 Qa6 22. Nf4 Qb7 23. Rxc8 Qxc8 24. Qb3 Qd7 25. Rc1 O-O 26. Qc3 Qe7 27. Nf3 Nb7 28. Qc7 Qxc7 29. Rxc7 Na5 30. Nxe6 fxe6 31. Rg7+ Kh8 32. Ng5 Nc4 33. Rxh7+ Kg8 34. Rg7+ Kh8 35. Rh7+ Kg8 36. Rxa7 Nxb2 37. Nxe6 Rc8 38. Rg7+ Kh8 39. Ng5 1-0


[Site "https://www.chess.com"]

[Event "Titled Tuesday Blitz December 20 Early 2022"]
[White "Zozik, S. Mohammed"]
[Black "kidagent"]
[WhiteFideId "4803280"]
[WhiteElo "2116"]
[BlackElo "2292"]
[Result "0-1"]
[Round "05"]
[TimeControl "180+2"]
[Date "2022.12.20"]
[WhiteClock "0:01:41"]
[BlackClock "0:01:22"]

1. d4 d5 2. Nf3 Nf6 3. g3 g6 4. Bg2 Bg7 5. O-O O-O 6. c4 c6 7. cxd5 cxd5 8. Ne5 Nbd7 9. Nc3 e6 10. Qb3 Qb6 11. Qxb6 Nxb6 12. b3 Nfd7 13. f4 f6 14. Nd3 a6 15. Ba3 Re8 16. e4 dxe4 17. Nxe4 f5 18. Nd6 Bxd4+ 19. Kh1 Rd8 20. Rad1 Nd5 21. Rfe1 Ne3 22. Bxb7 Bxb7+ 23. Nxb7 Rdb8 24. Ndc5 Nxd1 25. Nxd7 Rxb7 26. Rxd1 Rxd7 0-1


[Site "https://www.chess.com"]

[Event "Titled Tuesday Blitz December 20 Early 2022"]
[White "bennyficial"]
[Black "katchesskat"]
[WhiteElo "2145"]
[BlackElo "2391"]
[Result "0-1"]
[Round "05"]
[TimeControl "180+2"]
[Date "2022.12.20"]
[WhiteClock "0:00:11"]
[BlackClock "0:00:37"]

1. Nf3 c5 2. c4 Nf6 3. Nc3 e6 4. g3 b6 5. Bg2 Bb7 6. O-O d5 7. cxd5 exd5 8. d4 Bd6 9. b3 O-O 10. Bb2 Re8 11. Nb5 Be7 12. Ne5 a6 13. Na3 Nbd7 14. Nc2 Rc8 15. Ne3 Nf8 16. Nf5 Ne6 17. dxc5 bxc5 18. Nxe7+ Rxe7 19. e3 Ng5 20. Ng4 Nfe4 21. h4 Ne6 22. h5 h6 23. Rc1 Rd7 24. Rc2 f6 25. Qf3 d4 26. Qf5 d3 27. Qxe6+ Kh8 28. Bxe4 dxc2 29. Bxc2 Rd2 30. Qf5 Rxc2 31. Qxc2 Qd5 32. Nxf6 Qg2# 0-1


[Site "https://www.chess.com"]

[Event "Titled Tuesday Blitz December 20 Early 2022"]
[White "deibittowers"]
[Black "Derybas, Igor"]
[BlackFideId "41846400"]
[WhiteElo "2072"]
[BlackElo "1490"]
[Result "0-1"]
[Round "05"]
[TimeControl "180+2"]
[Date "2022.12.20"]
[WhiteClock "0:00:05"]
[BlackClock "0:00:18"]

1. e4 c5 2. Nf3 d6 3. d4 cxd4 4. Nxd4 Nf6 5. Nc3 a6 6. f4 g6 7. e5 dxe5 8. fxe5 Nd5 9. Nf3 Nxc3 10. Qxd8+ Kxd8 11. bxc3 Nc6 12. Bf4 Bg4 13. O-O-O+ Kc8 14. h3 Bxf3 15. gxf3 e6 16. Bg5 Be7 17. Bf4 Kc7 18. h4 Rad8 19. Rxd8 Rxd8 20. Bd3 Rd5 21. h5 g5 22. c4 Rc5 23. Bg3 h6 24. Re1 Ra5 25. Kb2 Ba3+ 26. Kb1 Bb4 27. Re4 Bc3 28. Be1 Bxe1 29. Rxe1 Rxe5 30. Rf1 Nd4 31. f4 gxf4 32. Rxf4 Nf5 33. Kb2 b6 34. Kc3 a5 35. a4 Nd6 36. Bh7 Rxh5 37. Bg8 Rf5 38. Rxf5 exf5 39. Kd4 h5 0-1


[Site "https://www.chess.com"]

[Event "Titled Tuesday Blitz December 20 Early 2022"]
[White "exoticprincess"]
[Black "Nemegejas"]
[WhiteElo "3057"]
[BlackElo "2883"]
[Result "1-0"]
[Round "05"]
[TimeControl "180+2"]
[Date "2022.12.20"]
[WhiteClock "0:00:03"]
[BlackClock "0:00:02"]

1. d4 Nf6 2. c4 e6 3. Nc3 d5 4. Bf4 c5 5. e3 Nc6 6. Nf3 a6 7. cxd5 exd5 8. h3 c4 9. a3 Bd6 10. Bxd6 Qxd6 11. Be2 O-O 12. O-O Bf5 13. Nd2 b5 14. Re1 Rfe8 15. Bf3 Rad8 16. b3 Bg6 17. Qc1 Na5 18. b4 Nc6 19. Qb2 Rb8 20. Rad1 h6 21. Qc1 Ne4 22. Bxe4 dxe4 23. Nf1 f5 24. Ng3 Ne7 25. d5 Red8 26. Nce2 Qe5 27. Nf4 Bf7 28. Rd4 Rd6 29. Red1 Rbd8 30. h4 g5 31. hxg5 hxg5 32. Nh3 Qf6 33. Ne2 Rxd5 34. Nc3 Rxd4 35. Rxd4 Rxd4 36. exd4 Qxd4 37. Qxg5+ Kf8 38. Qg3 Qd3 39. Qb8+ Be8 40. Qe5 Qd7 41. Ng5 Ng6 42. Qf6+ Kg8 43. g3 e3 44. fxe3 Qe7 45. Qxe7 Nxe7 46. Kf2 Kg7 47. Ne6+ Kf6 48. Nc7 Bc6 49. Nxa6 Nd5 50. Nxd5+ Bxd5 51. Nc5 Kg5 52. Ke1 c3 53. Kd1 Kg4 54. Kc2 Kf3 55. Kxc3 Kxe3 56. Nd7 Be4 57. Nc5 Bd5 58. Nd7 Bc6 59. Ne5 Be8 60. Nd3 Kf3 61. Kd4 Kxg3 62. Ke3 Bd7 63. Nf4 Bc6 64. Nh5+ Kg4 65. Nf4 Kg3 66. Ne2+ Kg4 67. Nd4 Bd7 68. Ne2 Bc6 69. Nf4 Be4 70. Ne6 Bd5 71. Nf4 Bc4 72. Ng6 Kg3 73. Nf4 Bf7 74. Ne2+ Kg4 75. Nd4 f4+ 76. Kf2 Be8 77. Ne6 Bd7 78. Nc5 Bc6 79. Ne6 Bd5 80. Nc5 Kf5 81. Na6 1-0


[Site "https://www.chess.com"]

[Event "Titled Tuesday Blitz December 20 Early 2022"]
[White "harperchesstt"]
[Black "Huda, Maryana"]
[BlackFideId "14116553"]
[WhiteElo "2366"]
[BlackElo "2160"]
[Result "1-0"]
[Round "05"]
[TimeControl "180+2"]
[Date "2022.12.20"]
[WhiteClock "0:00:06"]
[BlackClock "0:00:01"]

1. e4 c5 2. Nf3 Nc6 3. d4 cxd4 4. Nxd4 g6 5. Nc3 Bg7 6. Be3 Nf6 7. Bc4 O-O 8. Bb3 Re8 9. O-O e6 10. Ndb5 d5 11. exd5 Nxd5 12. Bxd5 exd5 13. Qxd5 a6 14. Qxd8 Rxd8 15. Nc7 Rb8 16. N7d5 Bf5 17. Bb6 Rd7 18. Rfd1 Bxc2 19. Nf6+ Bxf6 20. Rxd7 Ne5 21. Rd2 Bf5 22. Bc7 Re8 23. Nd5 Bg7 24. Bxe5 Rxe5 25. Ne3 h5 26. Nxf5 Rxf5 27. g3 Rb5 28. Rb1 a5 29. b3 a4 30. Kg2 Bf6 31. Rd6 Kg7 32. b4 a3 33. Rb3 Bb2 34. Rd7 b6 35. Rf3 Rxb4 36. Rfxf7+ Kh6 37. h4 g5 38. Rd6+ 1-0


[Site "https://www.chess.com"]

[Event "Titled Tuesday Blitz December 20 Early 2022"]
[White "jaldjald"]
[Black "JaloliddinIlkhomi"]
[WhiteElo "2386"]
[BlackElo "2533"]
[Result "0-1"]
[Round "05"]
[TimeControl "180+2"]
[Date "2022.12.20"]
[WhiteClock "0:00:20"]
[BlackClock "0:00:16"]

1. e4 e6 2. d4 d5 3. Nc3 Bb4 4. e5 c5 5. a3 Bxc3+ 6. bxc3 Qa5 7. Bd2 Qa4 8. Qb1 c4 9. g3 Nc6 10. Bg2 Nge7 11. Ne2 Bd7 12. O-O O-O-O 13. Re1 Rdf8 14. Nf4 h5 15. h4 f6 16. exf6 Rxf6 17. Bh3 Nd8 18. Qb4 Qxb4 19. axb4 a6 20. Re2 Ng6 21. Rae1 Nxf4 22. Bxf4 Re8 23. Bg5 Rf7 24. f4 g6 25. Kf2 Rf5 26. Bxf5 gxf5 27. Ra1 Nf7 28. Ra5 Bb5 29. Kf3 Nd6 30. Re1 Ne4 31. Ra3 Nd2+ 32. Kg2 Ne4 33. Rea1 Kc7 34. Kf3 Nd2+ 35. Kg2 Ne4 36. Rf1 Kd7 37. Rf3 Rg8 38. Re3 b6 39. Re1 Kc6 40. Rea1 Re8 41. Kf3 Nd2+ 42. Ke3 Ne4 43. Kf3 Ra8 44. Kg2 Rg8 45. Re1 Rg7 46. Re3 Ra7 47. Re1 a5 48. bxa5 bxa5 49. Rea1 a4 50. Rb1 Nd2 51. Rb4 Ne4 52. Kf3 Nd2+ 53. Kg2 Ne4 54. Bd8 Rd7 55. Bg5 Rg7 56. Ra1 Ra7 57. Ra3 Nd2 58. Ra1 Ne4 59. Ra3 Ra8 60. Ra1 Nxc3 61. Ra3 Ne4 62. c3 Nd2 63. Kf2 Nb3 64. Kf3 Nd2+ 65. Kg2 Ne4 66. Kf3 Rg8 67. Kg2 Rb8 68. Kf3 Rb7 69. Kg2 Ra7 70. Kf3 Nd2+ 71. Kg2 Nb3 72. Kf3 Ra5 73. Ke2 Kd7 74. Kd1 Bc6 75. Kc2 Ra8 76. Rb6 Ra7 77. Rb4 Kc7 78. Bf6 Rb7 79. Be5+ Kc8 80. Rxb7 Kxb7 81. Bf6 Kc8 82. Be7 Kd7 83. Bb4 Bb5 84. Ra2 Ke8 85. Rb2 Kf7 86. Ra2 Bc6 87. Kd1 Bd7 88. Re2 Bc8 89. Kc2 Bd7 90. Kb2 Bc6 91. Ka3 Bd7 92. Rc2 Kg6 93. Bd6 Kf7 94. Kb4 Ke8 95. Be5 Kd8 96. Ra2 Nc1 97. Rb2 Nd3+ 98. Ka3 Nxb2 99. Kxb2 Kc8 100. Ka3 Kb7 101. Kb4 Kb6 102. Bf6 Ka6 103. Be5 Kb7 104. Bf6 Kc8 105. Be5 Kd8 106. Bf6+ Ke8 107. Be5 Ke7 108. Bc7 Be8 109. Be5 Kf7 110. Ka3 Bc6 111. Kb4 Ke8 112. Ka3 Kd7 113. Kb4 Kc8 114. Ka3 Kb7 115. Kb4 Ka6 116. Bf6 Be8 117. Be5 Bg6 118. Bf6 Be8 119. Be5 Bd7 120. Bf6 Bc6 121. Be5 Bb5 122. Bf6 Kb6 123. Ka3 Ka6 124. Be5 Ka5 125. Bf6 Bd7 126. Be5 Kb5 127. Bd6 Kc6 128. Be5 Bc8 129. Kxa4 Ba6 130. Kb4 Kd7 131. Bf6 Bb7 132. Kc5 Bc6 133. Be5 Ba4 134. Bf6 Bd1 135. Be5 Bg4 136. Kb6 Bh3 137. Bf6 Bg2 138. Be5 Bf1 139. Bf6 Be2 140. Be5 Bg4 141. Bf6 Bd1 142. Be5 Bc2 143. Kc5 Bb1 144. Kb6 Ba2 145. Kc5 Bb3 146. Bf6 Bd1 147. Be5 Bc2 148. Bf6 Bd3 149. Be5 Be4 150. g4 fxg4 151. f5 Bxf5 152. Bf4 Ke7 153. Bg3 Kf6 154. Kd6 Be4 155. Bf4 Kf5 156. Bg3 Bd3 157. Be5 Bc2 158. Bg3 Bd1 159. Be5 Bc2 160. Ke7 Ke4 161. Kxe6 Bd3 162. Kd6 Bf1 163. Kc5 Bg2 164. Kd6 Ke3 165. Ke6 Kf2 166. Kf5 Bf3 167. Kg5 g3 0-1


[Site "https://www.chess.com"]

[Event "Titled Tuesday Blitz December 20 Early 2022"]
[White "lamomiajunior"]
[Black "Jasko, Pavel"]
[BlackFideId "980463"]
[WhiteElo "2526"]
[BlackElo "1693"]
[Result "0-1"]
[Round "05"]
[TimeControl "180+2"]
[Date "2022.12.20"]
[WhiteClock "0:02:03"]
[BlackClock "0:02:30"]

1. d4 d5 2. Nf3 c6 3. c4 Nf6 4. e3 a6 5. Nc3 Bf5 6. Be2 e6 7. Nh4 Bg6 8. Nxg6 hxg6 9. O-O Nbd7 10. Bd3 dxc4 11. Bxc4 b5 12. Be2 c5 13. Bf3 Rc8 14. Bb7 Qc7 15. Bxc8 Qxh2# 0-1


[Site "https://www.chess.com"]

[Event "Titled Tuesday Blitz December 20 Early 2022"]
[White "lemayvega"]
[Black "Viktorin, Tomas"]
[BlackFideId "328316"]
[WhiteElo "2529"]
[BlackElo "1971"]
[Result "0-1"]
[Round "05"]
[TimeControl "180+2"]
[Date "2022.12.20"]
[WhiteClock "0:00:03"]
[BlackClock "0:00:48"]

1. e4 c6 2. d4 d5 3. Nc3 dxe4 4. Nxe4 Nf6 5. Nxf6+ exf6 6. c3 Bd6 7. Bd3 O-O 8. Ne2 Re8 9. O-O Nd7 10. Bf4 Qc7 11. Bxd6 Qxd6 12. Qd2 Nf8 13. Rfe1 Bd7 14. Ng3 Ng6 15. Ne4 Qd5 16. Nc5 Bg4 17. h3 Bxh3 18. Be4 Rxe4 19. Rxe4 Bf5 20. Re2 b6 21. Nb3 h5 22. Rae1 h4 23. Re8+ Rxe8 24. Rxe8+ Kh7 25. Qe2 Bd7 26. Re4 h3 27. c4 Qg5 28. Qf3 Bf5 0-1


[Site "https://www.chess.com"]

[Event "Titled Tuesday Blitz December 20 Early 2022"]
[White "maurovargas01"]
[Black "Ankudinova_Yelena"]
[WhiteElo "1920"]
[BlackElo "2238"]
[Result "0-1"]
[Round "05"]
[TimeControl "180+2"]
[Date "2022.12.20"]
[WhiteClock "0:00:05"]
[BlackClock "0:01:36"]

1. e4 Nf6 2. e5 Nd5 3. Nc3 e6 4. Bc4 Nxc3 5. dxc3 b6 6. f4 Bb7 7. Nf3 d5 8. exd6 Bxd6 9. O-O O-O 10. Qe1 Nd7 11. Be3 Nf6 12. h3 c5 13. Rd1 Qc7 14. Qh4 Rad8 15. a4 h6 16. b3 Ne4 17. Bd3 Nxc3 18. Rde1 Nd5 19. Bc1 Bxf4 20. Bxf4 Nxf4 21. Ng5 Nxd3 22. Nxf7 Rxf7 0-1


[Site "https://www.chess.com"]

[Event "Titled Tuesday Blitz December 20 Early 2022"]
[White "nikitakhoroshev"]
[Black "CristobalBlanco"]
[WhiteElo "2709"]
[BlackElo "2476"]
[Result "1-0"]
[Round "05"]
[TimeControl "180+2"]
[Date "2022.12.20"]
[WhiteClock "0:00:19"]
[BlackClock "0:00:01"]

1. d4 Nf6 2. c4 e6 3. Nf3 d5 4. Nc3 Bb4 5. Qa4+ Nc6 6. e3 O-O 7. Bd2 a5 8. a3 Bd6 9. c5 Be7 10. b4 Bd7 11. b5 Nb8 12. Bd3 Be8 13. Ne5 Nfd7 14. f4 f6 15. Nf3 c6 16. O-O e5 17. fxe5 fxe5 18. Qc2 e4 19. Nxe4 dxe4 20. Bxe4 Nf6 21. Bd3 Nbd7 22. bxc6 bxc6 23. e4 Bg6 24. Rae1 h6 25. Qc4+ Kh8 26. Bb1 Rb8 27. Nh4 Bf7 28. Qc2 Bb3 29. Qd3 Bf7 30. Nf5 Nxc5 31. Qh3 Rxb1 32. Rxb1 Ncxe4 33. Bxh6 Nh5 34. Bxg7+ Kh7 35. Be5 Bg5 36. g4 Rg8 37. Rb7 Qe8 38. Qxh5+ 1-0


[Site "https://www.chess.com"]

[Event "Titled Tuesday Blitz December 20 Early 2022"]
[White "pedromartinez91"]
[Black "Alibaev, Akbar"]
[BlackFideId "14200325"]
[WhiteElo "2488"]
[BlackElo "2295"]
[Result "0-1"]
[Round "05"]
[TimeControl "180+2"]
[Date "2022.12.20"]
[WhiteClock "0:00:02"]
[BlackClock "0:00:48"]

1. d4 Nf6 2. Bf4 g6 3. Nd2 Bg7 4. c3 O-O 5. e3 d6 6. Ngf3 c5 7. Be2 Nc6 8. O-O Nh5 9. Bg5 h6 10. Bh4 g5 11. Bg3 Nxg3 12. hxg3 g4 13. Nh4 h5 14. dxc5 d5 15. e4 d4 16. Qc2 dxc3 17. bxc3 Qa5 18. Nb3 Qxc3 19. Qxc3 Bxc3 20. Rac1 Bb2 21. Rc2 Be5 22. Nf5 Rd8 23. Bb5 Nb4 24. Re2 Kf8 25. Rc1 Be6 26. Bc4 Rac8 27. Bxe6 fxe6 28. Ne3 Nd3 29. Rcc2 Kg7 30. Nc4 Kf6 31. Nca5 Rc7 32. Red2 b6 33. Nc4 bxc5 34. Nxe5 Kxe5 35. Nxc5 Nb4 36. Rxd8 Nxc2 37. Nd3+ Kxe4 38. Nf4 e5 39. Nxh5 Nd4 40. Rg8 Kf5 41. Ng7+ Ke4 42. Ne8 Rc1+ 43. Kh2 Kf5 44. Ng7+ Kg6 0-1


[Site "https://www.chess.com"]

[Event "Titled Tuesday Blitz December 20 Early 2022"]
[White "profofchess"]
[Black "milovichalex"]
[WhiteElo "2442"]
[BlackElo "2303"]
[Result "1-0"]
[Round "05"]
[TimeControl "180+2"]
[Date "2022.12.20"]
[WhiteClock "0:00:06"]
[BlackClock "0:00:04"]

1. e4 e5 2. Bc4 Nf6 3. d3 Nc6 4. Nc3 Bb4 5. Nf3 d5 6. exd5 Nxd5 7. O-O Nxc3 8. bxc3 Bxc3 9. Ng5 Be6 10. Nxe6 fxe6 11. Rb1 O-O 12. Rxb7 Bd4 13. Bxe6+ Kh8 14. Rb1 Rxf2 15. Rxf2 Qf6 16. Qf3 Bxf2+ 17. Qxf2 Qxe6 18. Be3 Qxa2 19. Rf1 h6 20. Qf3 Qxc2 21. Rc1 Qxd3 22. Rxc6 Rd8 23. Rxc7 e4 24. Qg3 Qd1+ 25. Kf2 1-0


[Site "https://www.chess.com"]

[Event "Titled Tuesday Blitz December 20 Early 2022"]
[White "queen_iryna"]
[Black "NowInChess"]
[WhiteElo "2354"]
[BlackElo "2177"]
[Result "0-1"]
[Round "05"]
[TimeControl "180+2"]
[Date "2022.12.20"]
[WhiteClock "0:00:57"]
[BlackClock "0:00:48"]

1. e4 e6 2. d4 d5 3. Nc3 Nc6 4. e5 f6 5. Bb5 Bd7 6. Bxc6 bxc6 7. Nf3 c5 8. h4 cxd4 9. Qxd4 c5 10. Qf4 fxe5 11. Nxe5 Qf6 12. Nxd7 Qxf4 13. Bxf4 Kxd7 14. O-O-O Nf6 15. f3 Bd6 16. Bxd6 Kxd6 17. Ne4+ Nxe4 18. fxe4 Rhf8 19. Rd2 Rf4 20. exd5 exd5 21. g3 Rg4 22. Rhd1 d4 23. Rd3 Rf8 24. c3 Kd5 25. cxd4 Rxd4 26. Kc2 Rf2+ 27. R1d2 Rxd3 28. Kxd3 Rxd2+ 29. Kxd2 Kd4 30. b3 h5 31. a4 c4 32. b4 c3+ 33. Kc2 Kc4 34. b5 Kb4 35. a5 Kxa5 36. Kxc3 Kxb5 37. Kd4 a5 38. Ke5 a4 39. Kf5 a3 40. Kg5 a2 41. Kxh5 a1=Q 42. g4 Qe5+ 43. g5 Qe8+ 44. Kg4 Qg6 45. h5 Qe4+ 46. Kg3 Kc5 47. h6 gxh6 48. gxh6 Qg6+ 0-1


[Site "https://www.chess.com"]

[Event "Titled Tuesday Blitz December 20 Early 2022"]
[White "santosalberto1987"]
[Black "Rakesh, Kumar Jena"]
[BlackFideId "5084822"]
[WhiteElo "2495"]
[BlackElo "2303"]
[Result "0-1"]
[Round "05"]
[TimeControl "180+2"]
[Date "2022.12.20"]
[WhiteClock "0:00:36"]
[BlackClock "0:01:26"]

1. d4 Nf6 2. c4 e6 3. Nf3 b6 4. g3 Bb7 5. Bg2 Be7 6. O-O O-O 7. Nc3 Ne4 8. Qc2 f5 9. Nd2 d5 10. Nf3 Nd7 11. b3 Rc8 12. Bf4 c5 13. dxc5 Ndxc5 14. Nxe4 Nxe4 15. Rfd1 Qe8 16. Nd2 Bf6 17. Nxe4 fxe4 18. Rac1 Qf7 19. Qb1 e5 20. Bd2 Be7 21. Be1 e3 22. fxe3 Bc5 23. Qd3 dxc4 0-1


[Site "https://www.chess.com"]